 Dungeon Crawl Stone Soup version 0.30-a0-639-g3916f1956a (webtiles) character file.

Game seed: 11737296963677956154

482 TheGoodOne the Chopper (level 6, -5/56 HPs)
             Began as a Minotaur Berserker on Jan 16, 2023.
             Was a Believer of Trog.
             Slain by an ogre
             ... wielding a +0 giant club
              (18 damage)
             ... on level 4 of the Dungeon.
             The game lasted 00:26:57 (5476 turns).

TheGoodOne the Chopper (Minotaur Berserker)         Turns: 5476, Time: 00:26:58

Health: -5/56      AC: 11    Str: 23    XL:     6   Next: 87%
Magic:  5/5        EV:  7    Int:  4    God:    Trog [**....]
Gold:   190        SH:  0    Dex: 10    Spells: 5/5 levels left

rFire   . . .      SeeInvis .    q - +0 executioner's axe
rCold   . . .      Faith    .    (shield currently unavailable)
rNeg    . . .      Spirit   .    u - +0 plate armour
rPois   .          Reflect  .    (helmet restricted)
rElec   .          Harm     .    (no cloak)
rCorr   .          Rampage  .    (no gloves)
Will    ++...                    (no boots) Stlth
                                 (no amulet)
HPRegen 1.29/turn                (no ring)
MPRegen 0.09/turn                (no ring)

@: strong-willed, regenerating
A: horns 2, retaliatory headbutt
a: Renounce Religion, Berserk, Trog's Hand


You were on level 4 of the Dungeon.
You worshipped Trog.
Trog was pleased with you.
You visited 1 branch of the dungeon, and saw 4 of its levels.

You collected 190 gold pieces.

Inventory:

Hand Weapons
 a - a +0 hand axe
 l - a +0 club
 q - a +0 executioner's axe (weapon)
 s - a +0 halberd
 w - a +0 flail
Missiles
 d - 42 stones (quivered)
Armour
 o - a +0 ring mail
 t - an orb of wrath
 u - a +0 plate armour (worn)
Scrolls
 b - 2 scrolls of poison {unknown}
 c - a scroll of magic mapping {unknown}
 f - 2 scrolls of fear {unknown}
 g - a scroll of fog {unknown}
 j - a scroll of identify {unknown}
 r - 2 scrolls of immolation {unknown}
 v - a scroll of teleportation {unknown}
Potions
 e - 3 potions of heal wounds
 h - 3 potions of brilliance {unknown}
 i - 2 potions of lignification {unknown}
 k - a potion of cancellation {unknown}
 m - a potion of attraction {unknown}
 n - a potion of ambrosia {unknown}
 p - 3 potions of magic {unknown}


   Skills:
 + Level 5.3 Fighting
 + Level 6.5 Axes
 + Level 4.2 Armour
 + Level 3.8 Dodging
 + Level 1.3 Stealth


You had 5 spell levels left.
You didn't know any spells.
Your spell library was empty.

Dungeon Overview and Level Annotations

Branches:
Dungeon (4/15)
 Temple: D:4-7

Altars:
Ashenzari
Kikubaaqudgha
Makhleb
Okawaru
Sif Muna
Yredelemnul

Shops:
D:3 (


Innate Abilities, Weirdness & Mutations

You have a pair of horns on your head.
You reflexively headbutt those who attack you in melee.


Message History

The hobgoblin closely misses you.
You slash the hobgoblin!
You kill the hobgoblin!
Trog accepts your kill. The ogre hits you with a +0 giant club!
You see here a scroll labelled REYJIN MAWU.
You hit the ogre. You headbutt the ogre!
The ogre is heavily wounded.
The ogre closely misses you.
You barely miss the ogre. Your headbutt misses the ogre.
The ogre is heavily wounded.
The ogre hits you with a +0 giant club!
* * * LOW HITPOINT WARNING * * *
You hit the ogre.
The ogre is severely wounded.
The ogre hits you with a +0 giant club!
* * * LOW HITPOINT WARNING * * *
Your skin crawls.
You feel strong-willed. The ogre hits you with a +0 giant club.
* * * LOW HITPOINT WARNING * * *
You barely miss the ogre.
The ogre is severely wounded.
The ogre hits you but does no damage.
You barely miss the ogre.
The ogre is severely wounded.
The ogre hits you but does no damage.
You hit the ogre but do no damage.
The ogre is severely wounded.
The ogre closely misses you.
You hit the ogre.
The ogre is severely wounded.
The ogre completely misses you.
You hit the ogre. Your headbutt misses the ogre.
The ogre is severely wounded.
The ogre barely misses you.
You barely miss the ogre.
The ogre is severely wounded.
The ogre hits you with a +0 giant club!!
You die...

... .## ... # ..## ... #.
..# ##... #.##.# ##....
#..#.##### ##.....
#.......#######...###
####O..#.........[)).#
..####....@................
#.............###.....)...#
#...##........###..........
###.#####.#.....#.........#
#.....# #.#................
........##............†....#
.........##................#
...............†............
......................###.##


You could see an ogre.

Vanquished Creatures
  Grinder (D:3)
  A hound (D:4)
  Crazy Yiuf (D:3)
  An orc priest (D:4)
  6 gnolls
  4 adders
  2 worms
  6 dart slugs
  5 orcs
  8 ball pythons
  5 bats
  7 endoplasms
  A giant cockroach (D:1)
  4 goblins
  7 hobgoblins
  9 jackals
  5 kobolds
  3 quokkas
  4 rats
  A bush (D:3)
81 creatures vanquished.

Vanquished Creatures (others)
  3 fungi (D:3)
3 creatures vanquished.

Grand Total: 84 creatures vanquished

Notes
Turn   | Place    | Note
-------+----------+-------------------------------------------
     0 | D:1      | TheGoodOne the Minotaur Berserker began the quest for the
                  | Orb.
     0 | D:1      | Reached XP level 1. HP: 19/19 MP: 0/0
   295 | D:1      | Reached skill level 4 in Axes
   295 | D:1      | Reached XP level 2. HP: 25/27 MP: 1/1
   726 | D:1      | Reached ** piety under Trog
   753 | D:1      | Reached XP level 3. HP: 33/33 MP: 2/2
  3237 | D:2      | Reached XP level 4. HP: 41/41 MP: 3/3
  3452 | D:2      | Found a faded altar of an unknown god.
  3810 | D:3      | Found Bene Cay's Weapon Boutique.
  4007 | D:3      | Found a shimmering blue altar of Sif Muna.
  4062 | D:3      | Noticed Grinder
  4062 | D:3      | Paralysed by Grinder for 5 turns
  4075 | D:3      | Paralysed by Grinder for 2 turns
  4077 | D:3      | Killed Grinder
  4078 | D:3      | Reached skill level 5 in Axes
  4078 | D:3      | Reached skill level 1 in Stealth
  4078 | D:3      | Reached XP level 5. HP: 13/47 MP: 4/4
  4078 | D:3      | Reached XP level 6. HP: 16/55 MP: 5/5
  4327 | D:3      | Reached skill level 6 in Axes
  4330 | D:3      | Reached skill level 5 in Fighting
  4405 | D:3      | Found an ancient bone altar of Kikubaaqudgha.
  4682 | D:3      | Found a broken altar of Ashenzari.
  4853 | D:3      | Found an iron altar of Okawaru.
  4853 | D:3      | Found a burning altar of Makhleb.
  4854 | D:3      | Found a basalt altar of Yredelemnul.
  5100 | D:3      | Found a runed translucent door.
  5101 | D:3      | Noticed Crazy Yiuf
  5106 | D:3      | Killed Crazy Yiuf
  5465 | D:4      | Reached *** piety under Trog
  5470 | D:4      | HP: 1/56 [ogre/+0 giant club (3)]
  5476 | D:4      | Slain by an ogre

Illustrated notes

Levels and vault maps discovered:
D:1:      minmay_arrival_plants_in_alcoves, layout_basic
D:2:      layout_basic, shapermc_ecumenical_altar_petra
D:3:      layout_loops_ring, nicolae_overflow_hidden_temple,
          mainiacjoe_overflow_six_doors_small, serial_shops,
          nicolae_shop_bloodbath_and_beyond, serial_rivers,
          chequers_serial_rivers_small_a, chequers_serial_rivers_micro_c,
          chequers_serial_rivers_room_b, chequers_serial_rivers_micro_d,
          chequers_serial_rivers_small_b, chequers_serial_rivers_small_3,
          hangedman_decor_points, kennysheep_generic_room_12, uniq_grinder,
          uniq_crazy_yiuf_cottage
D:4:      layout_rooms, nicolae_concentric_dashed_squares_mild, roderic_batcave,
          uniq_menkaure

Skill      XL: |  1  2  3  4  5  6 |
---------------+-------------------+-----
Axes           | 4 5 6 |  6.5
Fighting       | 4 5 |  5.3
Dodging        | 3 |  3.8
Armour         | 3 4 |  4.2
Stealth        | 1 |  1.3

Action                   |  1- 3 |  4- 6 || total
-------------------------+-------+-------++-------
Melee: Hand axe          |    85 |       ||    85
       Headbutt          |     8 |    27 ||    35
       Punch             |     1 |       ||     1
       Executioner's axe |       |   142 ||   142
Throw: Stone             |     1 |     2 ||     3
Invok: Berserk           |       |     2 ||     2
       Trog's Hand       |       |     2 ||     2
Armor: Animal skin       |    12 |       ||    12
       Ring mail         |     9 |    38 ||    47
       Leather armour    |     2 |       ||     2
       Plate armour      |       |    32 ||    32
Dodge: Dodged            |    65 |    99 ||   164

Table legend: (Time is in decaauts)
 A = Elapsed time spent in this place.
 B = Non-inter-level travel time spent in this place.
 C = Inter-level travel time spent in this place.
 D = Time resting spent in this place.
 E = Time spent auto-exploring this place.
 F = Levels seen in this place.
 G = Mean time per level.
                   A        B        C        D        E       F      G
               +--------+--------+--------+--------+--------+-----+--------+
         Total |   5600 |   3832 |   1768 |   1727 |   1249 |   4 | 1400.0 |
       Dungeon |   5600 |   3832 |   1768 |   1727 |   1249 |   4 | 1400.0 |
               +--------+--------+--------+--------+--------+-----+--------+

Top non-repeatable levels by time:
     D:2: 2316 daAuts
     D:3: 1648 daAuts
     D:1: 1452 daAuts
     D:4: 182 daAuts
